 Dungeon Crawl Stone Soup version 0.24.0-13-gcf9b3192b9 (webtiles) character file.

Game seed: 239761571820051518, levelgen mode: deterministic

12586 Arixos the Covert (level 11, -6/56 HPs)
             Began as a Vine Stalker Venom Mage on Nov 10, 2019.
             Was a High Priest of Dithmenos.
             Hit by a large rock thrown by a cyclops (24 damage)
             ... on level 11 of the Dungeon.
             The game lasted 01:23:32 (13328 turns).

Arixos the Covert (Vine Stalker Venom Mage)        Turns: 13328, Time: 01:23:33

Health: -6/56      AC: 15    Str: 12    XL:     11   Next: 95%
Magic:  0/22       EV: 13    Int: 18    God:    Dithmenos [*****.]
Gold:   1087       SH:  4    Dex: 14    Spells: 14/23 levels left

rFire    . . .     SeeInvis .   a - +1 rapier
rCold    + . .     Gourm    .   E - +0 buckler (curse)
rNeg     . . .     Faith    .   v - +2 ring mail {rC+}
rPois    .         Spirit   +   j - +2 helmet
rElec    .         Reflect  .   h - +1 cloak
rCorr    .         Harm     .   (no gloves)
MR       +....                  (no boots)
Stlth    +++++.....             (no amulet)
HPRegen  0.58/turn              z - +3 ring of evasion
MPRegen  0.18/turn              G - +3 ring of protection

@: wreathed by umbra, lightly drained
A: fangs 3, regeneration 1, magic shield, antimagic bite, no potion heal 3, rot
immunity
a: Shadow Step, Shadow Form, Renounce Religion


You were on level 11 of the Dungeon.
You worshipped Dithmenos.
Dithmenos was extremely pleased with you.
You were hungry.

You visited 2 branches of the dungeon, and saw 12 of its levels.
You also visited: Sewer.

You collected 1087 gold pieces.

Inventory:

Hand Weapons
 a - a +1 rapier (weapon)
 b - the +2 hand crossbow "Ululinia" {flame, +Blink SInv}
   (You found it on level 10 of the Dungeon)

   It causes projectiles fired from it to burn those they strike, causing extra
   injury to most foes and up to half again as much damage against particularly
   susceptible opponents.
   It lets you see invisible.
   It lets you blink.
Missiles
 J - 61 bolts
Armour
 h - a +1 cloak (worn)
 j - a +2 helmet (worn)
 v - a +2 ring mail of cold resistance (worn)
 E - a cursed +0 buckler (worn)
Jewellery
 z - a +3 ring of evasion (left hand)
 G - a +3 ring of protection (right hand)
Wands
 p - a wand of polymorph (11)
 x - a wand of enslavement (6)
 y - a wand of iceblast (9)
 A - a wand of digging (4)
Scrolls
 d - 12 scrolls of identify
 i - 5 scrolls of enchant armour
 q - 8 scrolls of teleportation
 s - 7 scrolls of remove curse
 u - 2 scrolls of magic mapping
 w - 2 scrolls of enchant weapon
 F - a scroll of amnesia
Potions
 e - 2 potions of invisibility
 f - 2 potions of flight {unknown}
 g - 2 potions of cancellation {unknown}
 k - 5 potions of heal wounds
 l - 3 potions of haste
 m - a potion of brilliance {unknown}
 n - 3 potions of magic {unknown}
 o - 4 potions of curing {unknown}
 r - 7 potions of mutation {unknown}
 t - a potion of ambrosia {unknown}
 B - a potion of might {unknown}
 C - 2 potions of agility {unknown}
 I - a potion of berserk rage
Miscellaneous
 D - a phantom mirror
Comestibles
 c - 23 rations


   Skills:
 + Level 5.7(5.5) Fighting
 * Level 7.6(7.3) Short Blades
 * Level 2.2(2.0) Crossbows
 - Level 1.5(1.3) Dodging
 + Level 8.7(8.4) Stealth
 * Level 2.3(2.1) Shields
 + Level 6.7(6.5) Spellcasting
 + Level 6.5(6.3) Conjurations
 + Level 5.7(5.5) Hexes
 - Level 4.0(3.8) Air Magic
 + Level 7.1(6.9) Poison Magic
 + Level 3.1(2.9) Invocations


You had 14 spell levels left.
You knew the following spells:

 Your Spells              Type           Power        Failure   Level  Hunger
a - Poisonous Vapours     Pois/Air       ####..       5%          2    None
c - Confuse               Hex            ####....     10%         3    ##.....
f - Mephitic Cloud        Conj/Pois/Air  ####....     10%         3    ##.....
t - Confusing Touch       Hex            ####..       3%          1    None

Your spell library contained the following spells:

 Spells                   Type           Power        Failure   Level  Hunger
 Sting                    Conj/Pois      ####         2%          1    None
 Olgreb's Toxic Radiance  Pois           ####....     19%         4    ####...
 Venom Bolt               Conj/Pois      ####......   52%         5    #####..
 Gell's Gravitas          Tloc           #.........   69%         3    ##.....
 Iskenderun's Battlesphe  Conj/Chrm      ###.....     94%         5    #####..
 Metabolic Englaciation   Hex/Ice        ###.......   96%         5    #####..
 Yara's Violent Unravell  Hex/Tmut       ###.......   96%         5    #####..
 Petrify                  Tmut/Erth      #.......     97%         4    ####...
 Bolt of Magma            Conj/Fire/Erth ##........   98%         5    #####..
 Iron Shot                Conj/Erth      ###.......   100%        6    #######
 Orb of Destruction       Conj           ####......   100%        7    #######
 Spellforged Servitor     Conj/Summ      ###.......   100%        7    #######


Dungeon Overview and Level Annotations

Branches:
Dungeon (11/15)            Temple (1/1) D:5            Lair (0/6) D:11
    Orc (0/2) D:9           Sewer (visited)

Altars:
Ashenzari
Cheibriados
Dithmenos
Elyvilon
Fedhas
Gozag
Hepliaklqana
Kikubaaqudgha
Makhleb
Nemelex Xobeh
Okawaru
Qazlal
Ru
Sif Muna
Trog
Uskayaw
Vehumet
Wu Jian
Xom
Yredelemnul
Zin
The Shining One

Annotations:
D:10 1 runed translucent door, MirrMurr's ghost, journeyman MiFi


Innate Abilities, Weirdness & Mutations

You have razor-sharp teeth.
Your natural rate of healing is unusually fast.
When hurt, damage is shared between your health and your magic reserves.
Your bite disrupts and absorbs the magic of your enemies.
Potions cannot restore your health.
You are immune to rotting.


Message History

The cyclops is engulfed in poison gas.
The cyclops is poisoned.
The cyclops hits you!!
Casting: Poisonous Vapours (safe; 5% risk of failure)
Confirm with . or Enter, or press ? or * to list all spells.
Aiming: Poisonous Vapours (safe; 5% risk of failure)
Press: ? - help, Dir - move target cursor, f - stone giant, p - cyclops
Aim: a stone giant (umbra) Poisonous vapours surround the stone giant!
The stone giant is poisoned.
The stone giant throws a large rock.
You block the large rock. You block the cyclops's attack.
Casting: Poisonous Vapours (safe; 5% risk of failure)
Confirm with . or Enter, or press ? or * to list all spells.
Aiming: Confuse (safe; 10% risk of failure)
Press: ? - help, Shift-Dir - straight line, f/p - stone giant
Aim: a stone giant (poisoned, umbra, chance to defeat MR: 10%)
Okay, then.
The stone giant throws a large rock.
The large rock hits you!!
You see here a large rock.
The cyclops throws a large rock.
The large rock hits you!!
You die...

......................
##≈≈≈≈...............#
##≈≈≈≈≈≈..........)....
###≈≈≈.<≈≈≈..............
..≈≈≈....≈≈≈.............
#≈≈≈.8..8.≈≈≈#.#.........
#≈≈8##''##8≈≈###.....)...
≈≈≈##....##≈≈≈##.....####
≈≈ #....@†##≈≈##......#.#
≈ #..####(.#≈≈...........
≈≈#:. #(.#≈≈.#.....P..P
≈≈#. #.C#≈≈......P...P
≈E#. #C.#≈≈........♣.P ≈≈
..##≈≈..........P .##
≈........... ##
.....P....P ≈
...##P...PP.


You could see a stone giant and a cyclops.

Vanquished Creatures
  Harold (D:7)
  A skeletal warrior (D:11)
  Pikel (D:4)
  A cyclops (D:10)
  Maurice (D:10)
  A troll (D:10)
  A tengu conjurer (D:10)
  Prince Ribbit (D:9)
  A hippogriff (D:10)
  Sigmund (D:2)
  2 vampires
  A wraith (D:11)
  2 basilisks (D:11)
  2 wyverns
  6 yaks (D:11)
  Eustachio (D:4)
  2 hungry ghosts
  A water moccasin (D:7)
  Duvessa (D:7)
  2 porcupines (D:11)
  7 orc warriors
  3 sky beasts
  2 black bears (D:11)
  4 ice beasts
  3 wolves
  8 centaurs
  2 crocodiles
  5 ogres
  8 big kobolds
  5 bullfrogs
  A gnoll sergeant (D:9)
  Dowan (D:7)
  A scorpion (D:4)
  9 killer bees (D:10)
  6 wights
  2 electric eels
  2 howler monkeys (D:8)
  2 bullfrog zombies
  7 crimson imps
  2 centaur zombies
  5 orc priests
  2 jellies
  Crazy Yiuf (D:4)
  5 hounds
  19 orc wizards
  7 bullfrog skeletons
  5 iguanas
  9 worker ants
  A killer bee zombie (D:8)
  2 hound skeletons
  4 hound zombies
  A howler monkey zombie (D:9)
  2 worker ant zombies
  15 adders
  4 gnolls
  3 river rats (Sewer)
  3 shadow imps
  2 oozes
  2 adder skeletons
  6 worms (Sewer)
  A dart slug (D:3)
  7 leopard geckos
  74 orcs
  5 ball pythons (Sewer)
  5 bats
  7 giant cockroaches
  9 hobgoblins
  7 quokkas
  3 frilled lizards
  5 goblins
  A jackal zombie (D:6)
  22 kobolds
  A leopard gecko skeleton (D:4)
  11 rats
366 creatures vanquished.

Notes
Turn   | Place    | Note
-------+----------+-------------------------------------------
     0 | D:1      | Arixos the Vine Stalker Venom Mage began the quest for the
                  | Orb.
     0 | D:1      | Reached XP level 1. HP: 9/9 MP: 4/4
   204 | D:1      | Reached XP level 2. HP: 8/13 MP: 1/6
   364 | D:1      | Learned a level 2 spell: Poisonous Vapours
   930 | D:2      | Reached XP level 3. HP: 16/16 MP: 2/7
   934 | D:2      | Reached skill level 1 in Air Magic
  1029 | D:2      | Noticed Sigmund
  1052 | D:2      | Killed Sigmund
  1052 | D:2      | Reached skill level 1 in Fighting
  1052 | D:2      | Reached skill level 1 in Short Blades
  1052 | D:2      | Reached skill level 3 in Stealth
  1052 | D:2      | Gained mutation: Your natural rate of healing is unusually
                  | fast. [Vine Stalker growth]
  1052 | D:2      | Reached XP level 4. HP: 20/22 MP: 1/9
  1052 | D:2      | Reached XP level 5. HP: 23/25 MP: 1/10
  1355 | D:2      | Found a snail-covered altar of Cheibriados.
  1561 | D:2      | Found a shimmering altar of Xom.
  1565 | D:2      | Found a radiant altar of Vehumet.
  1570 | D:2      | Found an ancient bone altar of Kikubaaqudgha.
  1676 | D:3      | Reached XP level 6. HP: 28/30 MP: 9/11
  1769 | D:3      | Learned a level 3 spell: Mephitic Cloud
  1985 | D:3      | Found a glowing drain.
  2085 | Sewer    | Entered a sewer
  2698 | Sewer    | Reached XP level 7. HP: 34/34 MP: 8/13
  2888 | Sewer    | Reached skill level 4 in Stealth
  3769 | D:4      | Noticed Eustachio
  3789 | D:4      | Killed Eustachio
  3789 | D:4      | Gained mutation: You have razor-sharp teeth. [Vine Stalker
                  | growth]
  3789 | D:4      | Reached XP level 8. HP: 39/39 MP: 1/14
  4197 | D:4      | Noticed Pikel
  4206 | D:4      | Killed Pikel
  4206 | D:4      | Reached skill level 5 in Stealth
  4206 | D:4      | Reached skill level 5 in Poison Magic
  4383 | D:4      | Reached XP level 9. HP: 27/44 MP: 12/16
  4567 | D:4      | Found a runed translucent door.
  4568 | D:4      | Noticed Crazy Yiuf
  4761 | D:4      | Killed Crazy Yiuf
  4802 | D:5      | Entered Level 5 of the Dungeon
  4821 | D:5      | Learned a level 1 spell: Confusing Touch
  4976 | D:5      | Found an iron altar of Okawaru.
  5074 | D:5      | Reached skill level 1 in Hexes
  5285 | D:5      | Found a staircase to the Ecumenical Temple.
  5291 | Temple   | Entered the Ecumenical Temple
  5452 | Temple   | Became a worshipper of Dithmenos the Shadowed
  5502 | D:5      | Reached skill level 6 in Stealth
  5713 | D:5      | Found an opulent altar of Gozag.
  6145 | D:6      | Reached * piety under Dithmenos
  6391 | D:6      | Reached skill level 5 in Spellcasting
  6586 | D:6      | Reached skill level 5 in Short Blades
  6825 | D:6      | Reached ** piety under Dithmenos
  6979 | D:6      | Reached XP level 10. HP: 35/50 MP: 14/18
  7007 | D:6      | Learned a level 3 spell: Confuse
  7087 | D:6      | Found a shattered altar of Ashenzari.
  7088 | D:6      | Reached skill level 5 in Conjurations
  7195 | D:7      | Noticed Duvessa
  7199 | D:7      | Noticed Dowan
  7222 | D:7      | Killed Duvessa
  7225 | D:7      | Killed Dowan
  7403 | D:7      | Reached skill level 7 in Stealth
  7585 | D:7      | Noticed Harold
  7598 | D:7      | Killed Harold
  7754 | D:7      | Reached *** piety under Dithmenos
  8260 | D:8      | Found a shimmering blue altar of Sif Muna.
  9103 | D:9      | Reached skill level 1 in Invocations
  9164 | D:9      | Noticed Prince Ribbit
  9169 | D:9      | Killed Prince Ribbit
  9438 | D:9      | Reached skill level 5 in Fighting
  9630 | D:9      | Reached **** piety under Dithmenos
  9748 | D:9      | Reached skill level 5 in Hexes
  9900 | D:9      | Reached XP level 11. HP: 55/55 MP: 7/21
 10119 | D:9      | Found a staircase to the Orcish Mines.
 10367 | D:10     | Entered Level 10 of the Dungeon
 10429 | D:10     | Reached skill level 8 in Stealth
 10446 | D:10     | Found a blossoming altar of Fedhas.
 10580 | D:10     | Identified a scroll of acquirement
 10657 | D:10     | Noticed Maurice
 10673 | D:10     | Killed Maurice
 10695 | D:10     | Found a runed translucent door.
 10701 | D:10     | Found a shimmering altar of Xom.
 10701 | D:10     | Noticed MirrMurr's ghost (journeyman MiFi)
 10708 | D:10     | Noticed a +0 rapier of chaos
 10859 | D:10     | Got an ivory hand crossbow
 10860 | D:10     | Identified the +2 hand crossbow "Ululinia" {flame, +Blink
                  | SInv} (You found it on level 10 of the Dungeon)
 11515 | D:10     | Noticed a cyclops
 11518 | D:10     | Killed a cyclops
 11692 | D:11     | Reached skill level 1 in Crossbows
 11692 | D:11     | Reached skill level 1 in Shields
 11896 | D:11     | Noticed a skeletal warrior
 11896 | D:11     | Noticed a skeletal warrior
 11903 | D:10     | Reached ***** piety under Dithmenos
 12610 | D:11     | Found a staircase to the Lair.
 12800 | D:11     | Killed a skeletal warrior
 13304 | D:11     | Noticed a cyclops
 13325 | D:11     | Noticed a stone giant
 13328 | D:11     | Hit by a large rock thrown by a cyclops

Levels and vault maps discovered:
D:1:      eino_arrival_druids_welcome, layout_loops_ring
D:2:      layout_rooms, minmay_overflow_temple_star_quad, serial_glass,
          glass_columns_a, glass_columns_a, cheibriados_altar_1, uniq_sigmund
D:3:      layout_rooms, gup_sewer_entry_glass
D:4:      layout_basic, uniq_pikel, uniq_eustachio, uniq_crazy_yiuf_cottage
D:5:      layout_basic, nicolae_overflow_hidden_temple, marbit_many_paths,
          minmay_temple_entry_enclosed_plants, first_ration
D:6:      minmay_polygon_palace, layout_basic, basic_altar
D:7:      layout_basic, uniq_harold, uniq_duvessa
D:8:      layout_layer_cave, kennysheep_mini_moat
D:9:      layout_long_grid, erik_orc_2, uniq_prince_ribbit1
D:10:     layout_basic, ebering_ghost_xom, grunt_tengu_nest, glass_columns_a,
          fedhas_altar_1, uniq_maurice
D:11:     layout_cave_pools, minmay_lair_entry_grove, kennysheep_island_fort
Temple:   regret_index_temple_sphere_string

Skill      XL: |  1  2  3  4  5  6  7  8  9 10 11 |
---------------+----------------------------------+-----
Air Magic      | 2 3 4 |  4.0
Fighting       | 1 2 3 4 5 |  5.7
Short Blades   | 1 2 3 5 6 7 |  7.6
Stealth        | 3 4 5 6 7 8 |  8.7
Spellcasting   | 3 4 5 6 |  6.7
Conjurations   | 2 3 4 5 6 |  6.5
Poison Magic   | 4 5 6 7 |  7.1
Hexes          | 3 5 |  5.7
Invocations    | 1 3 |  3.1
Crossbows      | 2 |  2.2
Shields        | 2 |  2.3
Dodging        | |  1.5

Action                   |  1- 3 |  4- 6 |  7- 9 | 10-12 || total
-------------------------+-------+-------+-------+-------++-------
Melee: Unarmed           |     7 |       |       |       ||     7
       Whip              |    11 |       |       |       ||    11
       Bite              |     6 |    21 |   100 |   190 ||   317
       Dagger            |    18 |    45 |       |       ||    63
       Short sword       |       |    73 |    47 |       ||   120
       Rapier            |       |       |   314 |   590 ||   904
 Fire: Hand crossbow     |       |       |       |     3 ||     3
Throw: Dart              |       |    30 |    11 |     1 ||    42
 Cast: Sting             |    10 |       |       |       ||    10
       Poisonous Vapours |     8 |    66 |   122 |   161 ||   357
       Confusing Touch   |       |       |    40 |   122 ||   162
       Mephitic Cloud    |       |       |       |    12 ||    12
       Confuse           |       |       |       |     7 ||     7
Evoke: Wand              |       |       |       |     4 ||     4
  Use: Scroll            |       |     6 |     3 |     7 ||    16
 Stab: Sleeping          |     4 |       |       |    15 ||    19
       Confused          |       |       |    14 |    60 ||    74
  Eat: Chunk             |       |    10 |    16 |    16 ||    42
       Ration            |       |       |     3 |     2 ||     5
Armor: Robe              |     4 |     4 |       |       ||     8
       Ring mail         |       |    51 |   158 |   254 ||   463
Dodge: Dodged            |    22 |    59 |   156 |   314 ||   551
Block: Buckler           |       |       |       |    47 ||    47
